 Dungeon Crawl Stone Soup version 0.31.0-12-g77e489cdc1 (webtiles) character file.

Game seed: 15421583183657503894

403 bearlyready the Changeling (level 7, -2/51 HPs)
             Began as a Formicid Shapeshifter on Feb 11, 2024.
             Slain by a black bear (4 damage)
             ... on level 4 of the Dungeon.
             The game lasted 00:04:28 (2531 turns).

bearlyready the Changeling (Formicid Shapeshifter)  Turns: 2531, Time: 00:04:29

Health: -2/51      AC:  2    Str: 21    XL:     7   Next: 11%
Magic:  7/7        EV: 12    Int:  9    God:
Gold:   176        SH:  0    Dex: 13    Spells: 6/6 levels left

rFire   . .          .
                       - Unarmed
rCold   . . .        (no shield)
rNeg    . . .        a - +0 animal skin
rPois   +            (helmet unavailable)
rElec   .            (cloak currently unavailable)
rCorr   .            (gloves currently unavailable)
SInv    +            (boots currently unavailable)
Will    .....        y - amulet of magic regeneration
Stlth   +            m - ring of poison resistance
HPRegen 0.28/turn    (no ring)
MPRegen 0.50/turn

%: no passive effects
@: beast-form, invisible
A: beast (slay +3), permanent stasis, dig shafts and tunnels, antennae 3, four
strong arms
a: Dig, Shaft Self, Begin Untransformation


You were on level 4 of the Dungeon.
You were a hulking beast.
You visited 1 branch of the dungeon, and saw 4 of its levels.

You collected 176 gold pieces.

Inventory:

Hand Weapons
 r - a +0 whip of venom
Missiles
 g - 11 stones
 j - 9 curare-tipped darts (quivered)
 v - 7 poisoned darts
Armour
 a - a +0 animal skin (worn)
 u - a +0 pair of gloves
Jewellery
 m - a ring of poison resistance (left hand)
 y - an amulet of magic regeneration (around neck)
Talismans
 c - a beast talisman
 d - a flux talisman
 l - a beast talisman
Scrolls
 b - a scroll of summoning
 h - 2 scrolls of brand weapon
 k - 3 scrolls of teleportation
 n - a scroll of enchant weapon
 q - 3 scrolls of immolation
 t - a scroll of enchant armour
 w - a scroll of blinking
Potions
 e - 2 potions of might {unknown}
 i - a potion of berserk rage {unknown}
 o - a potion of magic {unknown}
 p - a potion of heal wounds {unknown}
 s - a potion of degeneration {unknown}
 x - a potion of curing {unknown}
 z - a potion of mutation {unknown}
 A - 2 potions of invisibility


   Skills:
 + Level 2.6 Fighting
 + Level 0.1 Throwing
 - Level 1.7 Dodging
 + Level 5.4 Unarmed Combat
 + Level 5.6 Shapeshifting


You had 6 spell levels left.
You didn't know any spells.
Your spell library contained the following spells:

 Spells                   Type           Power      Damage    Failure   Level
 Kiss of Death            Conj/Necr      0%         2d5       38%         1
 Confusing Touch          Hex            0%         N/A       77%         3
 Dispel Undead            Necr           0%         3d6       99%         4
 Summon Forest            Summ/Tloc      0%         N/A       100%        5
 Summon Mana Viper        Hex/Summ       0%         N/A       100%        5
 Summon Cactus Giant      Summ           0%         N/A       100%        6


Dungeon Overview and Level Annotations

Branches:
Dungeon (4/15)
 Temple: D:4-7

Altars:

Shops:
D:2 (


Innate Abilities, Weirdness & Mutations

You are a hulking beast.
Your limbs bulge with bestial killing power. (Slay +3)
You cannot be hasted, slowed, berserked, paralysed or teleported.
You can dig through walls and to a lower floor.
You have a pair of large antennae on your head. (SInv)
Your four strong arms can wield two-handed weapons with a shield.


Message History

Aim: a black bear (heavily wounded, 67% to hit)
You throw a curare-tipped dart.
The curare-tipped dart misses the adder.
The curare-tipped dart hits the black bear.
The black bear is poisoned.
The black bear struggles to breathe.
The black bear seems to slow down.
The black bear is almost dead.
The adder barely misses you.
The black bear shakes off its lethargy.
The black bear goes berserk!
Throw: 10 darts (curare)
Press: ? - help, Q - select action, (/) - cycle Shift-Dir - straight line, f/p - black bear
Aim: a black bear (almost dead, berserk, very poisoned, 67% to hit)
You throw a curare-tipped dart. The curare-tipped dart hits the adder.
The adder is poisoned.
The adder struggles to breathe.
You kill the adder!
You barely miss the black bear.
The black bear is almost dead.
The black bear bites you! The black bear claws you.
* * * LOW HITPOINT WARNING * * *
The black bear closely misses you.
You barely miss the black bear.
The black bear is almost dead.
The black bear closely misses you. The black bear claws you.
* * * LOW HITPOINT WARNING * * *
The black bear barely misses you. The black bear bites you.
* * * LOW HITPOINT WARNING * * *
The black bear claws you.
* * * LOW HITPOINT WARNING * * *
The black bear claws you but does no damage.
Okay, then.
You hit the black bear.
The black bear is almost dead.
The black bear barely misses you. The black bear completely misses you.
The black bear claws you.
* * * LOW HITPOINT WARNING * * *
It was a potion of invisibility.
You fade into invisibility!
The black bear closely misses you. The black bear claws you.
You die...

#######.###.####..###.####.
............##.............
#######.###.# .#..###.....#
#.# #†##.#........... . #.#
#.##.........).#. #.##.#
#.##.#.#.#.......
.....###.##.#...........
#.##............#.......
.......h......#.#.###.##
#..#.###h##.###,#.# #.#
##......(.........# #.#
###)######...[.... ..#
###### ###


You could see a black bear (berserk, unable to see you, poisoned).

Vanquished Creatures
  A black bear (D:4)
  A phantom (D:2)
  A bombardier beetle (D:3)
  3 orc wizards (D:3)
  Natasha (D:3)
  3 adders
  A ribbon worm (D:3)
  A dart slug (D:2)
  8 orcs (D:3)
  4 ball pythons
  5 endoplasms
  A giant cockroach (D:4)
  7 goblins
  8 hobgoblins
  6 bats
  2 frilled lizards
  7 kobolds
  5 rats
65 creatures vanquished.

Notes
Turn   | Place    | Note
-------+----------+-------------------------------------------
     0 | D:1      | bearlyready the Formicid Shapeshifter began the quest for
                  | the Orb.
     0 | D:1      | Reached XP level 1. HP: 15/15 MP: 1/1
   269 | D:1      | Reached XP level 2. HP: 19/21 MP: 2/2
   939 | D:2      | Reached XP level 3. HP: 22/26 MP: 3/3
  1013 | D:2      | Found Plog's Weapon Shop.
  1075 | D:2      | Noticed a phantom
  1093 | D:2      | Killed a phantom
  1094 | D:2      | Reached XP level 4. HP: 7/32 MP: 4/4
  1094 | D:2      | Reached XP level 5. HP: 9/37 MP: 5/5
  1567 | D:3      | Found a faded altar of an unknown god.
  1619 | D:3      | Reached skill level 5 in Shapeshifting
  1621 | D:3      | Reached XP level 6. HP: 17/43 MP: 6/6
  1922 | D:3      | Reached skill level 5 in Unarmed Combat
  2138 | D:3      | Noticed Natasha
  2144 | D:3      | Killed Natasha
  2418 | D:4      | Noticed a black bear
  2427 | D:4      | Killed a black bear
  2428 | D:4      | Reached XP level 7. HP: 51/51 MP: 7/7
  2530 | D:4      | HP: 2/51 [black bear (3)]
  2531 | D:4      | Slain by a black bear

Illustrated notes

Levels and vault maps discovered:
D:1:      giann_wishing_wells, layout_basic
D:2:      layout_rooms, serial_forest, infiniplex_forest_end_1,
          infiniplex_forest_end_double, infiniplex_forest_lined_room_,
          infiniplex_forest_clump_curved, serial_shops,
          nicolae_shop_statue_plus, minmay_tetromino_o4
D:3:      layout_basic, shapermc_ecumenical_altar_acropolis, uniq_natasha
D:4:      layout_loops_ring, vehumet_altar_wand_db, temple_statues

Skill      XL: |  1  2  3  4  5  6 |
---------------+-------------------+-----
Unarmed Combat | 4 5 |  5.4
Shapeshifting  | 4 5 |  5.6
Fighting       | 2 |  2.6
Throwing       | |  0.1
Dodging        | |  1.7

Action                     |  1- 3 |  4- 6 |  7- 9 || total
---------------------------+-------+-------+-------++-------
  Melee: Unarmed           |    54 |    99 |    19 ||   172
         Punch             |       |     6 |     1 ||     7
  Throw: Dart              |       |     8 |     2 ||    10
    Use: Potion            |     1 |       |     1 ||     2
         Scroll            |       |     7 |       ||     7
   Stab: Sleeping          |     3 |     1 |       ||     4
 Armour: Animal skin       |    22 |    39 |    20 ||    81
         Skin              |     6 |       |       ||     6
  Dodge: Dodged            |    22 |    49 |    20 ||    91
